 Dungeon Crawl Stone Soup version 0.30.0-19-g36f170ea60 (webtiles) character file.

Game seed: 2250245693882079082

774 monsoonserge the Vexing (level 7, 0/32 HPs)
             Began as a Vine Stalker Enchanter on May 30, 2023.
             Was a Follower of Wu Jian.
             Slain by an iguana (10 damage)
             ... on level 5 of the Dungeon.
             The game lasted 00:13:04 (4310 turns).

monsoonserge the Vexing (Vine Stalker Enchanter)    Turns: 4310, Time: 00:13:07

Health: 0/32       AC:  6    Str: 11    XL:     7   Next: 84%
Magic:  0/13       EV: 12    Int: 17    God:    Wu Jian [*.....]
Gold:   174        SH:  0    Dex: 14    Spells: 2/13 levels left

rFire   . . .        a - +1 dagger
rCold   . . .        (no shield)
rNeg    . . .        v - +0 leather armour
rPois   .            (no helmet)
rElec   .            w - +0 cloak
rCorr   +            (no gloves)
SInv    .            h - +1 pair of boots
Will    .....        (no amulet)
Stlth   +++          s - ring of resist corrosion
HPRegen 1.05/turn    (no ring)
MPRegen 0.13/turn

%: guardian spirit
@: invisible
A: fangs 2, regeneration 1, magic shield, antimagic bite, no potion heal 2
a: Renounce Religion


You were on level 5 of the Dungeon.
You worshipped Wu Jian.
Wu Jian was aware of your devotion.
You visited 2 branches of the dungeon, and saw 6 of its levels.

You collected 174 gold pieces.

Inventory:

Hand Weapons
 a - a +1 dagger (weapon)
Missiles
 g - 7 poisoned darts (quivered)
 o - 4 javelins
 p - 9 boomerangs
 x - 3 atropa-tipped darts
Armour
 h - a +1 pair of boots (worn)
 j - a +0 ring mail
 v - a +0 leather armour (worn)
 w - a +0 cloak (worn)
Magical Staves
 k - a staff of conjuration
 y - a staff of cold
Jewellery
 s - a ring of resist corrosion (left hand)
 t - a ring of fire
Scrolls
 b - a scroll of enchant weapon {unknown}
 e - a scroll of blinking {unknown}
 f - 2 scrolls of magic mapping {unknown}
 l - a scroll of teleportation {unknown}
 q - 2 scrolls of noise {unknown}
 r - 2 scrolls of amnesia {unknown}
 z - a scroll of fear {unknown}
 A - a scroll of fog {unknown}
 B - a scroll of vulnerability {unknown}
Potions
 c - 3 potions of invisibility
 d - 2 potions of curing {unknown}
 i - a potion of flight {unknown}
 m - 2 potions of mutation {unknown}
 n - a potion of heal wounds {unknown}
 u - 3 potions of attraction {unknown}


   Skills:
 + Level 0.9 Fighting
 + Level 2.4 Short Blades
 * Level 1.9 Armour
 + Level 2.6 Dodging
 - Level 5.0 Stealth
 + Level 3.6 Spellcasting
 + Level 1.1 Conjurations
 + Level 5.7 Hexes
 + Level 1.9 Ice Magic


You had 2 spell levels left.
You knew the following spells:

 Your Spells              Type           Power      Damage    Failure   Level
a - Ensorcelled Hibernat  Hex/Ice        32%        N/A       7%          2
b - Confusing Touch       Hex            22%        N/A       6%          3
c - Tukima's Dance        Hex            22%        N/A       6%          3
d - Dazzling Flash        Conj/Hex       28%        N/A       16%         3

Your spell library contained the following spells:

 Spells                   Type           Power      Damage    Failure   Level
 Freeze                   Ice            36%        1d5       10%         1
 Magic Dart               Conj           24%        1d4       14%         1
 Beastly Appendage        Tmut           6%         N/A       22%         1
 Sting                    Tmut/Pois      12%        1d3       22%         1
 Call Imp                 Summ           6%         N/A       32%         2
 Poisonous Vapours        Pois/Air       6%         N/A       32%         2
 Wereblood                Tmut           3%         N/A       32%         2
 Frozen Ramparts          Ice            18%        1d3       28%         3
 Hailstorm                Conj/Ice       8%         3d4       34%         3
 Mephitic Cloud           Conj/Pois/Air  4%         N/A       50%         3
 Spider Form              Tmut/Pois      3%         N/A       54%         3
 Olgreb's Toxic Radiance  Pois           3%         N/A       91%         4


Dungeon Overview and Level Annotations

Branches:
Dungeon (5/15)             Temple (1/1) D:4

Altars:
Ashenzari
Cheibriados
Dithmenos
Elyvilon
Fedhas
Gozag
Hepliaklqana
Kikubaaqudgha
Makhleb
Nemelex Xobeh
Okawaru
Qazlal
Ru
Sif Muna
Uskayaw
Wu Jian
Xom
Yredelemnul
Zin
The Shining One


Innate Abilities, Weirdness & Mutations

You have extremely sharp teeth.
Your natural rate of healing is unusually fast.
When hurt, damage is shared between your health and your magic reserves.
Your bite disrupts and absorbs the magic of your enemies.
Potions cannot restore your health.


Message History

You impale the scorpion!!
You kill the scorpion!
The Council accepts your kill. The centaur hits you.
The centaur barely misses you.
Unknown command.
Casting: Ensorcelled Hibernation (safe; 7% risk of failure)
Confirm with . or Enter, or press ? or * to list all spells.
Aiming: Ensorcelled Hibernation (safe; 7% risk of failure)
Press: ? - help, Shift-Dir - straight line, f - centaur
Aim: a centaur (chance to affect: 50%)
The centaur resists with some effort.
The centaur closely misses you. The centaur barely misses you.
The iguana barely misses you.
The centaur hits you but does no damage.
The centaur closely misses you.
Casting: Ensorcelled Hibernation (safe; 7% risk of failure)
Confirm with . or Enter, or press ? or * to list all spells.
Aiming: Ensorcelled Hibernation (safe; 7% risk of failure)
Press: ? - help, Shift-Dir - straight line, f/p - centaur
Aim: a centaur (chance to affect: 50%)
The centaur resists with some effort.
The centaur hits you but does no damage.
The centaur kicks you. The iguana bites you!
You closely miss the centaur. You bite the centaur, but do no damage.
The centaur hits you but does no damage.
The centaur kicks you but does no damage.
The iguana bites you! The centaur hits you. The centaur barely misses you.
You fade into invisibility!
The centaur hits you. The centaur kicks you.
* * * LOW HITPOINT WARNING * * *
The iguana barely misses you.
Press: ? - help, v - describe, . - travel
Here: an iguana (unable to see you)
The floor.
A hound comes into view.
You spin and attack the iguana.
You catch the helpless iguana completely off-guard!
You puncture the iguana! Your bite misses the iguana.
The iguana is heavily wounded.
The iguana bites you!
You die...

#####.....# .#####
#..<....... .
.....#####.........#
h.
#.......#.....#####
... #...........#
....####.....#.....#
........#....#.....+
#..................+
####.@.##........+
###l.#.#.##.###
##...c....(...
##.............
#.............
#.............
.........?......
#...............
................


You could see a centaur (unable to see you), an iguana (unable to see you) and a
hound (asleep).

Vanquished Creatures
  Sigmund (D:2)
  2 ogres (D:4)
  A phantom (D:4)
  2 scorpions (D:5)
  3 hounds (D:4)
  An iguana (D:4)
  An orc wizard (D:4)
  4 adders
  2 dart slugs
  5 orcs (D:4)
  4 ball pythons
  14 endoplasms
  A giant cockroach (D:4)
  5 hobgoblins
  4 jackals (D:2)
  5 kobolds
  6 quokkas
  3 bats
  2 frilled lizards (D:3)
  5 goblins
  A rat (D:2)
72 creatures vanquished.

Notes
Turn   | Place    | Note
-------+----------+-------------------------------------------
     0 | D:1      | monsoonserge the Vine Stalker Enchanter began the quest for
                  | the Orb.
     0 | D:1      | Reached XP level 1. HP: 9/9 MP: 4/4
   318 | D:1      | Reached XP level 2. HP: 13/13 MP: 6/6
   436 | D:1      | Learned a level 2 spell: Ensorcelled Hibernation
   788 | D:2      | Noticed Sigmund
   797 | D:2      | Killed Sigmund
   798 | D:2      | Reached skill level 1 in Short Blades
   798 | D:2      | Reached skill level 1 in Ice Magic
   798 | D:2      | Reached XP level 3. HP: 16/16 MP: 4/8
   798 | D:2      | Gained mutation: Your natural rate of healing is unusually
                  | fast. [Vine Stalker growth]
   798 | D:2      | Reached XP level 4. HP: 21/21 MP: 4/9
   798 | D:2      | Reached XP level 5. HP: 24/24 MP: 4/10
  1042 | D:2      | Learned a level 3 spell: Confusing Touch
  1046 | D:2      | Learned a level 3 spell: Tukima's Dance
  1464 | D:2      | Reached skill level 5 in Hexes
  2023 | D:3      | Found a faded altar of an unknown god.
  2027 | D:3      | Found a glowing silver altar of Zin.
  2073 | D:3      | Found an iron altar of Okawaru.
  2920 | D:4      | Found a white marble altar of Elyvilon.
  2929 | D:4      | Reached XP level 6. HP: 28/28 MP: 7/11
  3014 | D:4      | Found a staircase to the Ecumenical Temple.
  3025 | Temple   | Entered the Ecumenical Temple
  3092 | Temple   | Became a worshipper of the Wu Jian Council
  3098 | Temple   | Learned a level 3 spell: Dazzling Flash
  3275 | D:4      | Found a shimmering altar of Xom.
  3470 | D:4      | Reached skill level 1 in Armour
  3490 | D:4      | Reached skill level 1 in Conjurations
  3494 | D:4      | Reached XP level 7. HP: 29/32 MP: 3/12
  3806 | D:4      | Reached * piety under Wu Jian
  4204 | D:5      | Entered Level 5 of the Dungeon
  4211 | D:5      | Reached skill level 5 in Stealth
  4310 | D:5      | Slain by an iguana

Illustrated notes

Levels and vault maps discovered:
D:1:      matt_arrival_debris, layout_basic
D:2:      kennysheep_big_flooded_room, layout_basic, uniq_sigmund
D:3:      layout_basic, mainiacjoe_overflow_cross_hatched,
          nicolae_overflow_ecumenical_swirl
D:4:      minmay_recursive_quarters, layout_loops_ring, kennysheep_mini_moat,
          mainiacjoe_overflow_six_doors_small, minmay_temple_entry_junction
D:5:      layout_rooms, mainiacjoe_overflow_alcove_4, uniq_crazy_yiuf_cottage
Temple:   compressed_dpeg_triangle_lava_temple

Skill      XL: |  1  2  3  4  5  6  7 |
---------------+----------------------+-----
Stealth        | 4 5 |  5.0
Short Blades   | 1 2 |  2.4
Dodging        | 2 |  2.6
Spellcasting   | 3 |  3.6
Hexes          | 4 5 |  5.7
Ice Magic      | 1 |  1.9
Armour         | 1 |  1.9
Conjurations   | 1 |  1.1
Fighting       | |  0.9

Action                     |  1- 3 |  4- 6 |  7- 9 || total
---------------------------+-------+-------+-------++-------
  Melee: Dagger            |    15 |   110 |    53 ||   178
         Bite              |     3 |    30 |    14 ||    47
         Punch             |       |     1 |       ||     1
   Cast: Ensorcelled Hiber |     1 |    32 |    17 ||    50
Ability: Lunge             |       |     2 |     3 ||     5
         Whirlwind         |       |       |     1 ||     1
    Use: Potion            |       |       |     1 ||     1
   Stab: Sleeping          |     6 |    28 |    10 ||    44
         Invisible         |       |       |     1 ||     1
 Armour: Robe              |     2 |    11 |       ||    13
         Leather armour    |       |    15 |    18 ||    33
  Dodge: Dodged            |     5 |    71 |    19 ||    95
